 Dungeon Crawl Stone Soup version 0.18.1-48-g4cf74bf (webtiles) character file.

1453 nikopol the Poker (level 8, -14/109 HPs)
             Began as a Minotaur Berserker on July 9, 2016.
             Was a Priest of Trog.
             Hit by a large rock thrown by a cyclops (20 damage)
             ... on level 6 of the Dungeon.
             The game lasted 00:13:24 (4598 turns).

nikopol the Poker (Minotaur Berserker)              Turns: 4598, Time: 00:13:25

Health: -14/109    AC: 10    Str: 26    XL:     8   Next: 47%
Magic:  7/7        EV: 13    Int:  4    God:    Trog [***...]
Gold:   239        SH:  0    Dex: 13    Spells: 0 memorised, 7 levels left

rFire  . . .     SeeInvis .     x - +0 trident
rCold  . . .     Gourm    .     i - +0 scale mail
rNeg   . . .     Faith    .     (no shield)
rPois  .         Spirit   .     (helmet restricted)
rElec  .         Dismiss  .     e - +0 cloak
rCorr  .         Reflect  .     (no gloves)
SustAt .         Harm     .     j - +0 pair of boots
MR     .....     Rnd*Tele +     (no amulet)
Stlth  ..........               k - ring of teleportation (curse)
                                (no ring)

@: berserking, lethally poisoned (-14 -> -23), very quick, not resistant to
hostile enchantments, extremely unstealthy
A: retaliatory headbutt, horns 2
a: Berserk, Trog's Hand, Burn Spellbooks, Renounce Religion


You were on level 6 of the Dungeon.
You worshipped Trog.
Trog was most pleased with you.
You were not hungry.

You visited 1 branch of the dungeon, and saw 6 of its levels.
You also visited: Ossuary.

You collected 239 gold pieces.

Inventory:

Hand Weapons
 a - a +0 spear
 c - a +0 shortbow
 x - a +0 trident (weapon)
Missiles
 n - 61 arrows (quivered)
Armour
 b - a +0 animal skin
 e - a +0 cloak (worn)
 i - a +0 scale mail (worn)
 j - a +0 pair of boots (worn)
Jewellery
 h - an uncursed ring of protection from cold
 k - a cursed ring of teleportation (right hand)
 C - an uncursed ring of see invisible
Scrolls
 d - 2 scrolls of immolation {unknown}
 g - 2 scrolls of recharging {unknown}
 m - a scroll of teleportation {unknown}
 p - 12 scrolls of identify {unknown}
 q - a scroll of blinking {unknown}
 t - 3 scrolls of remove curse {unknown}
 v - 2 scrolls of fear {unknown}
 B - a scroll of amnesia {unknown}
 D - 2 scrolls of enchant weapon {unknown}
 E - a scroll of enchant armour {unknown}
 J - a scroll of noise {unknown}
 K - a scroll of vulnerability {unknown}
Potions
 l - 3 potions of brilliance {unknown}
 o - 5 potions of curing {unknown}
 r - a potion of mutation {unknown}
 s - a potion of haste {unknown}
 u - a potion of agility
 w - a potion of might {unknown}
 z - a potion of cure mutation {unknown}
 A - 2 potions of resistance {unknown}
 F - a potion of flight {unknown}
 G - 3 potions of heal wounds {unknown}
 H - a potion of degeneration {unknown}
 I - a potion of lignification {unknown}
Comestibles
 f - a meat ration
 y - 4 bread rations


   Skills:
 + Level 7.1 Fighting
 * Level 7.5 Polearms
 * Level 1.5 Bows
 + Level 6.6 Armour
 + Level 5.7 Dodging


You had 7 spell levels left.
You didn't know any spells.

Dungeon Overview and Level Annotations

Branches:
Dungeon (6/15)
 Temple: D:4-7

Altars:
Kikubaaqudgha
Makhleb
Nemelex Xobeh
Sif Muna
Xom
Yredelemnul

Shops:
D:4 *


Innate Abilities, Weirdness & Mutations

You reflexively headbutt those who attack you in melee.
You have a pair of horns on your head.


Message History

The jackal is almost dead.
You feel sick.
The giant frog zombie barely misses you.
The adder skeleton closely misses you. You furiously retaliate!
You headbutt the adder skeleton!!
You destroy the adder skeleton!
The crimson imp closely misses you. You furiously retaliate!
You headbutt the crimson imp. The jackal barely misses you.
You puncture the jackal!
You kill the jackal!
Trog accepts your kill.
You feel sick. The giant frog zombie hits you.
* * * LOW HITPOINT WARNING * * *
The giant frog zombie hits you.
* * * LOW HITPOINT WARNING * * *
The adder zombie bites you but does no damage.
The gnoll sergeant hits you but does no damage.
The shadow imp hits you but does no damage.
The cyclops throws a large rock.
The large rock hits you!!
You die...

#####+#####
#.........#
#.........#
#..g......#
#.ZZ......#
#.Z@†C....#
#..55.....#
#.........#
#h........#
'.........+
############


You could see a cyclops, a gnoll sergeant, a howler monkey, a crimson imp, a
shadow imp, an adder zombie and 2 giant frog zombies.

Vanquished Creatures
  A wyvern (D:6)
  The ghost of meme the Digger, an amateur OpEE of Kikubaaqudgha (D:5)
  An ice beast (D:5)
  2 phantoms (D:5)
  An ogre (D:4)
  A centaur (D:6)
  Blork the orc (D:5)
  A scorpion (D:6)
  2 howler monkeys
  A crimson imp (D:5)
  2 human zombies (Ossuary)
  3 hounds
  Jessica (D:3)
  An iguana (D:4)
  3 worker ants
  A big kobold zombie (Ossuary)
  2 mummies (Ossuary)
  6 adders
  2 shadow imps
  An ooze (D:3)
  2 adder zombies (Ossuary)
  3 adder skeletons
  2 worms (D:2)
  4 dart slugs
  7 giant geckos
  12 orcs (D:3)
  6 bats
  7 giant cockroaches
  4 goblins
  7 hobgoblins
  8 jackals
  4 kobolds
  2 quokkas
  A giant gecko skeleton (D:4)
  4 giant newts
  3 goblin zombies (Ossuary)
  11 hobgoblin zombies (Ossuary)
  A jackal zombie (Ossuary)
  8 kobold zombies (Ossuary)
  6 orc zombies (Ossuary)
  9 rats
  2 rat zombies (Ossuary)
147 creatures vanquished.

Notes
Turn   | Place    | Note
--------------------------------------------------------------
     0 | D:1      | nikopol the Minotaur Berserker began the quest for the Orb.
     0 | D:1      | Reached XP level 1. HP: 19/19 MP: 0/0
   226 | D:1      | Reached XP level 2. HP: 26/27 MP: 1/1
   457 | D:1      | Found a shimmering altar of Xom.
   852 | D:2      | Reached ** piety under Trog
   852 | D:2      | Reached XP level 3. HP: 33/33 MP: 2/2
  1551 | D:3      | Reached XP level 4. HP: 40/40 MP: 3/3
  1723 | D:3      | Found a burning altar of Makhleb.
  1749 | D:3      | Found a shimmering altar of Xom.
  1755 | D:3      | Found a sparkling altar of Nemelex Xobeh.
  1758 | D:3      | Found an ancient bone altar of Kikubaaqudgha.
  1758 | D:3      | Noticed Jessica
  1766 | D:3      | Killed Jessica
  1766 | D:3      | Reached *** piety under Trog
  1766 | D:3      | Reached XP level 5. HP: 29/47 MP: 4/4
  1947 | D:3      | Reached skill level 5 in Fighting
  1947 | D:3      | Reached skill level 5 in Polearms
  2324 | D:3      | Received a gift from Trog
  2442 | D:4      | Reached XP level 6. HP: 53/56 MP: 5/5
  2496 | D:4      | Found Zucveh's General Store.
  2683 | D:4      | Found a basalt altar of Yredelemnul.
  3013 | D:5      | Entered Level 5 of the Dungeon
  3146 | D:5      | Reached skill level 5 in Armour
  3146 | D:5      | Reached XP level 7. HP: 46/62 MP: 6/6
  3211 | D:5      | Noticed meme's ghost (amateur OpEE)
  3222 | D:5      | Killed meme's ghost
  3558 | D:5      | Reached skill level 5 in Dodging
  3778 | D:5      | Noticed Blork the orc
  3806 | D:5      | Killed Blork the orc
  3811 | D:5      | Found a deep blue altar of Sif Muna.
  3844 | D:5      | Reached XP level 8. HP: 45/71 MP: 7/7
  4141 | D:6      | Found a sand-covered staircase.
  4146 | Ossuary  | Entered an ossuary
  4585 | D:6      | Noticed a cyclops
  4596 | D:6      | Reached skill level 1 in Bows
  4598 | D:6      | Hit by a large rock thrown by a cyclops

Skill      XL: |  1  2  3  4  5  6  7  8 |
---------------+-------------------------+-----
Polearms       | 4 5 6 7 |  7.5
Fighting       | 4 5 6 7 |  7.1
Armour         | 3 4 5 6 |  6.6
Dodging        | 3 4 5 |  5.7
Bows           | 1 |  1.5

Action                   |  1- 3 |  4- 6 |  7- 9 || total
-------------------------+-------+-------+-------++-------
Melee: Spear             |   108 |    75 |       ||   183
       Headbutt          |    24 |    14 |    30 ||    68
       Trident           |       |    76 |   184 ||   260
 Fire: Shortbow          |       |       |     5 ||     5
Invok: Burn Spellbooks   |       |     1 |       ||     1
       Berserk           |       |       |     2 ||     2
  Eat: Chunk             |     2 |     5 |     2 ||     9
       Meat ration       |       |       |     1 ||     1
       Royal jelly       |       |       |     1 ||     1
Armor: Animal skin       |     6 |       |       ||     6
       Scale mail        |    18 |    31 |    84 ||   133
Dodge: Dodged            |    32 |    47 |   102 ||   181
